 Dungeon Crawl Stone Soup version 0.23-a0-269-g65e0026 (webtiles) character file.

4743 mhoghedin the Nimble (level 10, -12/64 HPs)
             Began as a Kobold Gladiator on Sept 30, 2018.
             Was a Priest of Ru.
             Mangled by a death yak (26 damage)
             ... on level 9 of the Dungeon.
             The game lasted 00:17:07 (8209 turns).

mhoghedin the Nimble (Kobold Gladiator)             Turns: 8209, Time: 00:17:07

Health: -12/64     AC:  3    Str: 16    XL:     10   Next: 74%
Magic:  10/10      EV: 22    Int: 10    God:    Ru [***...]
Gold:   428        SH:  0    Dex: 17    Spells: 9/9 levels left

rFire    . . .     SeeInvis .   a - +1 dagger (elec)
rCold    . . .     Gourm    .   (shield unavailable)
rNeg     . . .     Faith    .   o - -1 robe (curse)
rPois    .         Spirit   .   c - +0 helmet
rElec    .         Reflect  .   (no cloak)
rCorr    .         Harm     .   (no gloves)
MR       .....                  F - +0 pair of boots
Stlth    ++++......             (no amulet)
HPRegen  0.20/turn              (ring unavailable)
MPRegen  0.12/turn              t - +4 ring of strength

@: no status effects
A: small, carnivore, weak 1, missing a hand
a: Draw Out Power, Renounce Religion


You were on level 9 of the Dungeon.
You worshipped Ru.
Ru was most pleased with you.
You were very full.

You visited 1 branch of the dungeon, and saw 9 of its levels.

You collected 428 gold pieces.

Inventory:

Hand Weapons
 a - a +1 dagger of electrocution (weapon)
   (You took it off an orc on level 3 of the Dungeon)
 b - a +0 blowgun
   (You took it off a kobold on level 3 of the Dungeon)
Missiles
 d - 4 throwing nets {=f, !d}
 n - 11 needles of confusion
 q - 42 poisoned needles
 s - 2 needles of sleeping
Armour
 c - a +0 helmet (worn)
 l - a +0 leather armour
 o - a cursed -1 robe (worn)
   (You found it on level 4 of the Dungeon)
 F - a +0 pair of boots (worn)
   (You found it on level 8 of the Dungeon)
Jewellery
 t - a +4 ring of strength (right hand)
   (You took it off a crimson imp on level 6 of the Dungeon)
 G - a +6 ring of dexterity {unknown}
   (You found it on level 8 of the Dungeon)
Wands
 v - a wand of random effects (26)
   (You found it on level 7 of the Dungeon)
 x - a wand of disintegration (15)
   (You took it off a gnoll on level 7 of the Dungeon)
 A - a wand of digging (15)
   (You found it on level 7 of the Dungeon)
Scrolls
 g - 4 scrolls of identify
 j - 2 scrolls of amnesia
 m - 6 scrolls of fog
 p - 2 scrolls of magic mapping {!r}
 w - 3 scrolls of fear
 y - 2 scrolls of noise {!r}
 B - a scroll of remove curse
 C - a scroll of teleportation
 E - a scroll of vulnerability {!r!r}
Potions
 e - 3 potions of agility
 h - a potion of flight
 i - a potion of haste
 k - a potion of heal wounds
 r - a potion of ambrosia
 u - a potion of lignification {!q}
 D - a potion of curing
Comestibles
 f - 17 rations


   Skills:
 + Level 8.0 Fighting
 + Level 8.9 Short Blades
 + Level 7.3 Throwing
 + Level 9.2 Dodging
 + Level 8.7 Stealth


You had 9 spell levels left.
You didn't know any spells.
Your spell library contained the following spells:

 Spells                   Type           Power        Failure   Level  Hunger
 Animate Skeleton         Necr           N/A          36%         1    ##.....
 Apportation              Tloc           #.....       36%         1    ##.....
 Confusing Touch          Hex            #.....       36%         1    ##.....
 Summon Small Mammal      Summ           #...         36%         1    ##.....
 Confuse                  Hex            #.......     75%         3    ####...
 Gell's Gravitas          Tloc           #.........   75%         3    ####...
 Petrify                  Tmut/Erth      #.......     98%         4    #####..
 Metabolic Englaciation   Hex/Ice        #.........   100%        5    ######.
 Yara's Violent Unravell  Hex/Tmut       #.........   100%        5    ######.


Dungeon Overview and Level Annotations

Branches:
Dungeon (9/15)             Temple (0/1) D:7
   Lair: D:8-11         Orc: D:9-12

Altars:
Ashenzari
Cheibriados
Elyvilon
Gozag
Qazlal
Ru
Sif Muna
Uskayaw
Wu Jian
Yredelemnul
The Shining One

Shops:
D:7 =


Innate Abilities, Weirdness & Mutations

You are small and have problems with some larger weapons.
You are carnivorous and can eat meat at any time.
You are weak. (Str -2)
You are missing a hand.


Message History

You now have 397 gold pieces (gained 14).
You pick up a book of Misfortune and begin reading...
You add the spells Confuse, Gell's Gravitas, Petrify, Metabolic Englaciation You now have 413 gold pieces (gained 16).
You now have 428 gold pieces (gained 15).
You open the door.
There is an open door here.
A crimson imp comes into view.
A crimson imp is nearby!
The crimson imp shouts!
The crimson imp closely misses you.
You hit the crimson imp but do no damage.
Lightning courses through the crimson imp!
The crimson imp blinks!
The crimson imp hits you but does no damage.
You miss the crimson imp.
You hit the crimson imp but do no damage.
Lightning courses through the crimson imp!
You kill the crimson imp!
No target in view!
No target in view!
No target in view!
No target in view!
No target in view!
An ice beast comes into view.
An ice beast is nearby!
Found a stone staircase leading up and a stone staircase leading down.
A scorpion comes into view.
A rat comes into view.
The helpless ice beast fails to defend itself.
You skewer the ice beast like a kebab!!!
You kill the ice beast! 2 hell rats come into view.
The scorpion closely misses you.
You barely miss the scorpion. The scorpion completely misses you.
You hit the scorpion. You barely miss the scorpion.
The scorpion completely misses you.
You hit the scorpion.
You redirect the scorpion's attack!
The scorpion barely misses itself.
You hit the scorpion but do no damage. Lightning courses through the scorpion!
You hit the scorpion.
The hell rat roars deafeningly! x2; You hear a bellow!
The scorpion misses you.
You hit the scorpion. You completely miss the scorpion.
You redirect the scorpion's attack!
The scorpion misses itself.
You hit the scorpion.
A death yak comes into view.
The scorpion completely misses you.
You hit the scorpion but do no damage. Lightning courses through the scorpion!
You kill the scorpion!
Your Fighting skill increases to level 8!
A death yak comes into view.
The hell rat misses you. x2; The hell rat bites you.
You take 5 damage, and have 59/64 hp.
The death yak bellows!
You hit the hell rat but do no damage.
You hear a shout!
You hit the hell rat. Lightning courses through the hell rat!
You kill the hell rat!
The hell rat misses you. The rat bites you but does no damage.
You hit the hell rat but do no damage. Lightning courses through the hell rat!
The hell rat misses you.
You hit the hell rat. The rat bites you but does no damage.
You completely miss the hell rat. The hell rat misses you.
The death yak misses you.
You hit the hell rat but do no damage. The rat completely misses you.
A crimson imp comes into view.
The hell rat misses you.
You hit the hell rat but do no damage. Lightning courses through the hell rat!
You kill the hell rat!
You redirect the death yak's attack!
The death yak gores itself!!
You hit the death yak but do no damage. The rat misses you.
The crimson imp blinks!
You hit the death yak but do no damage.
Lightning courses through the death yak!
The death yak gores you! The rat bites you but does no damage.
You take 10 damage, and have 50/64 hp.
You hit the death yak but do no damage.
A death yak comes into view.
The death yak closely misses you.
You barely miss the death yak. The rat misses you.
You hit the death yak. The death yak misses you.
The death yak completely misses you.
You hit the death yak but do no damage. The rat misses you.
You hit the death yak.
Lightning courses through the death yak!
The death yak gores you!! The death yak gores you!
* * * LOW HITPOINT WARNING * * *
You are too injured to fight recklessly!
You take 38 damage, and have 12/64 hp.
MASSIVE DAMAGE!!
The crimson imp blinks!
The death yak snorts and paws the ground.
You redirect the crimson imp's attack!
The crimson imp barely misses you. The death yak gores you!!
You die...

.... ######.# (......
########....#.# #........
............#.####..........
#.######....#.#.....>.......
#.# #....#.#.............
#.# #....#.#....$........
#.######....#.#.Y...........
................@r..........
..######...[###5.Y.........#
..............+....Y.†...#
.#######.....##...†.........
.# #.....##....<........ .#
#.....###.......#.... .#
########### #(.........#.
.###.......### #...........#
...'.........# #............


You could see 3 death yaks, a crimson imp and a rat.

Vanquished Creatures
  A two-headed ogre (D:8)
  A freezing wraith (D:8)
  The ghost of Tungsten the Firebug, an amateur HOFE (D:4)
  Sigmund (D:6)
  A wraith (D:7)
  A hungry ghost (D:7)
  2 phantoms
  A black bear (D:8)
  3 ice beasts
  An ogre (D:6)
  3 sky beasts
  An orc warrior (D:7)
  7 bullfrogs
  4 scorpions
  4 wights (D:8)
  3 centaur zombies
  7 crimson imps
  A jelly (D:6)
  3 hounds
  A bullfrog zombie (D:7)
  9 orc wizards
  2 bullfrog skeletons
  4 iguanas
  2 hell rats (D:9)
  7 worker ants
  A hound zombie (D:5)
  A worker ant zombie (D:5)
  2 howler monkey skeletons (D:6)
  8 gnolls
  7 adders
  An ooze (D:6)
  2 adder skeletons
  An adder zombie (D:5)
  A worm (D:6)
  4 dart slugs
  5 leopard geckos
  36 orcs
  4 giant cockroaches
  9 goblins
  6 hobgoblins
  17 jackals
  4 quokkas
  2 ball pythons
  5 bats
  4 frilled lizards
  8 kobolds
  A quokka skeleton (D:4)
  A quokka zombie (D:8)
  3 rats
204 creatures vanquished.

Notes
Turn   | Place    | Note
-------+----------+-------------------------------------------
     0 | D:1      | mhoghedin the Kobold Gladiator began the quest for the Orb.
     0 | D:1      | Reached XP level 1. HP: 12/12 MP: 1/1
   277 | D:1      | Reached XP level 2. HP: 16/18 MP: 2/2
   489 | D:1      | Reached skill level 4 in Dodging
   560 | D:1      | Reached skill level 3 in Staves
   961 | D:2      | Reached XP level 3. HP: 19/22 MP: 3/3
  1120 | D:2      | Reached skill level 1 in Short Blades
  1164 | D:2      | Reached skill level 3 in Fighting
  1177 | D:2      | HP: 5/23 [goblin/club (3)]
  1255 | D:2      | Reached XP level 4. HP: 13/28 MP: 4/4
  1650 | D:3      | Found a shattered altar of Ashenzari.
  1730 | D:3      | Found an ornate altar of the Wu Jian Council.
  1730 | D:3      | Found a sacrificial altar of Ru.
  1782 | D:3      | Reached skill level 2 in Short Blades
  1903 | D:3      | Became a worshipper of Ru the Awakened
  1984 | D:3      | Reached XP level 5. HP: 32/32 MP: 5/5
  2005 | D:3      | Found a glowing golden altar of the Shining One.
  2007 | D:3      | Noticed an angel
  2054 | D:3      | Noticed a bullfrog
  2084 | D:3      | Killed a bullfrog
  2084 | D:3      | Reached skill level 3 in Short Blades
  2084 | D:3      | Reached skill level 5 in Dodging
  2089 | D:3      | Reached XP level 6. HP: 34/38 MP: 6/6
  2244 | D:3      | Reached skill level 4 in Fighting
  2309 | D:3      | Reached skill level 1 in Stealth
  2489 | D:3      | Found a basalt altar of Yredelemnul.
  2638 | D:4      | Found a stormy altar of Qazlal.
  2673 | D:4      | Found an opulent altar of Gozag.
  2705 | D:4      | Reached skill level 3 in Throwing
  2785 | D:4      | HP: 9/38 [poisoned by a scorpion]
  2793 | D:4      | HP: 8/38 [poisoned by a scorpion]
  3069 | D:4      | Found a runed door.
  3144 | D:4      | Gained mutation: You are missing a hand. [Ru sacrifice]
  3144 | D:4      | Reduced skill Staves to level 0
  3144 | D:4      | Reached * piety under Ru
  3144 | D:4      | Reached ** piety under Ru
  3144 | D:4      | Reached *** piety under Ru
  3211 | D:4      | Reached skill level 2 in Stealth
  3211 | D:4      | Reached XP level 7. HP: 34/44 MP: 7/7
  3456 | D:4      | Noticed Tungsten's ghost (amateur HOFE)
  3475 | D:4      | Killed Tungsten's ghost
  3475 | D:4      | Reached skill level 4 in Short Blades
  3475 | D:4      | Reached skill level 3 in Stealth
  3508 | D:5      | Entered Level 5 of the Dungeon
  3540 | D:5      | Reached skill level 6 in Dodging
  3555 | D:5      | HP: 10/44 [something/puff of frost (7)]
  3556 | D:5      | Reached XP level 8. HP: 11/48 MP: 8/8
  3620 | D:5      | Reached skill level 5 in Fighting
  3620 | D:5      | Reached skill level 4 in Throwing
  4075 | D:5      | Found a white marble altar of Elyvilon.
  4077 | D:5      | Found a hide-covered altar of Uskayaw.
  4145 | D:5      | Reached skill level 5 in Short Blades
  4160 | D:5      | Reached skill level 4 in Stealth
  4248 | D:5      | HP: 12/49 [something (5)]
  4268 | D:5      | HP: 9/49 [something (6)]
  5173 | D:6      | Found a deep blue altar of Sif Muna.
  5263 | D:6      | Noticed Sigmund
  5299 | D:6      | Reached skill level 6 in Short Blades
  5299 | D:6      | Reached skill level 5 in Stealth
  5430 | D:6      | Killed Sigmund
  5430 | D:6      | Reached skill level 6 in Fighting
  5430 | D:6      | Reached skill level 5 in Throwing
  5430 | D:6      | Reached skill level 7 in Dodging
  5430 | D:6      | Reached XP level 9. HP: 55/55 MP: 9/9
  5632 | D:6      | Reached skill level 6 in Stealth
  5998 | D:6      | Gained mutation: You are weak. (Str -2) [Ru sacrifice]
  6069 | D:6      | Reached skill level 7 in Short Blades
  6293 | D:7      | Reached skill level 6 in Throwing
  6298 | D:7      | Found Hulorchuh's Jewellery Boutique.
  6328 | D:7      | Reached skill level 8 in Dodging
  6367 | D:7      | Reached skill level 7 in Stealth
  6533 | D:7      | Found a staircase to the Ecumenical Temple.
  6570 | D:7      | Reached skill level 7 in Fighting
  6582 | D:7      | Reached XP level 10. HP: 22/63 MP: 10/10
  7152 | D:8      | Noticed a two-headed ogre
  7155 | D:8      | Killed a two-headed ogre
  7155 | D:8      | Reached skill level 8 in Short Blades
  7155 | D:8      | Reached skill level 8 in Stealth
  7243 | D:8      | Reached skill level 7 in Throwing
  7391 | D:8      | Found a snail-covered altar of Cheibriados.
  7491 | D:8      | Noticed a freezing wraith
  7491 | D:8      | Noticed a death knight
  7502 | D:8      | Noticed a freezing wraith
  7622 | D:8      | Reached skill level 9 in Dodging
  7756 | D:8      | Killed a freezing wraith
  8186 | D:9      | Noticed a death yak
  8187 | D:9      | Reached skill level 8 in Fighting
  8189 | D:9      | Noticed a death yak
  8199 | D:9      | Noticed a death yak
  8203 | D:9      | HP: 12/64 [death yak (14)]
  8209 | D:9      | Mangled by a death yak

Vault maps used:
D:1:      onia_arrival_pentagram
D:3:      grunt_temple_overflow_holy_war, lemuel_crystal_altar,
          gammafunk_temple_overflow_statue
D:4:      lemuel_crystal_altar, nicolae_overflow_crystal_walls, first_ration,
          ebering_ghost_reflecting_pool, grunt_ministairs_4
D:5:      overflow_temple_1_default, overflow_temple_1_default,
          nicolae_ossuary_entry_false_entrances
D:6:      led_sif_book, st_stairs_11, uniq_sigmund
D:7:      temple_doors_e, serial_shops, shop, serial_park_tiny_pond
D:8:      lemuel_round_altar
D:9:      grunt_temple_overflow_order_and_chaos_2, dpeg_lair_monsters

Skill      XL: |  1  2  3  4  5  6  7  8  9 10 |
---------------+-------------------------------+-----
Dodging        | 4 5 6 7 8 9 |  9.2
Staves         | 3 0 |  0.0
Short Blades   | 1 2 3 4 6 7 8 |  8.9
Fighting       | 3 4 6 7 8 |  8.0
Stealth        | 2 3 5 7 8 |  8.7
Throwing       | 3 5 6 7 |  7.3

Action                   |  1- 3 |  4- 6 |  7- 9 | 10-12 || total
-------------------------+-------+-------+-------+-------++-------
Melee: Quarterstaff      |    42 |       |       |       ||    42
       Dagger            |    47 |   216 |   381 |   162 ||   806
       Blowgun           |       |       |     1 |       ||     1
 Fire: Blowgun           |       |    13 |    27 |       ||    40
Invok: Draw Out Power    |       |     1 |     4 |     1 ||     6
       Sacrifice a Hand  |       |     1 |       |       ||     1
       Sacrifice Purity  |       |       |     1 |       ||     1
  Use: Potion            |       |     3 |     3 |     1 ||     7
       Scroll            |       |     6 |     4 |     5 ||    15
 Stab: Sleeping          |       |     3 |     6 |     7 ||    16
       Confused          |       |       |     5 |       ||     5
       Invisible         |       |       |     2 |     2 ||     4
       Distracted        |       |       |       |     1 ||     1
  Eat: Chunk             |     7 |     6 |    16 |     5 ||    34
Armor: Leather armour    |    18 |    36 |       |       ||    54
       Robe              |       |     3 |    10 |     7 ||    20
Dodge: Dodged            |    87 |   205 |   221 |   101 ||   614

Table legend:
 A = Non-vault XP
 B = Vault XP
 C = Vault XP percentage of total XP
 D = Non-vault monster count
 E = Vault monster count
 F = Vault count percentage of total count
                 A         B        C        D         E       F
            +---------+---------+-------+---------+---------+-------
      Total |    6069 |     707 |  10.4 |     196 |       8 |   3.9
            +---------+---------+-------+---------+---------+-------
        D:1 |      26 |       0 |   0.0 |      16 |       0 |   0.0
        D:2 |      51 |       0 |   0.0 |      21 |       0 |   0.0
        D:3 |     273 |       0 |   0.0 |      38 |       0 |   0.0
        D:4 |     230 |     276 |  54.5 |      14 |       2 |  12.5
        D:5 |     714 |       0 |   0.0 |      32 |       0 |   0.0
        D:6 |    1150 |     367 |  24.2 |      25 |       4 |  13.8
        D:7 |    1111 |       0 |   0.0 |      23 |       0 |   0.0
        D:8 |    2219 |       0 |   0.0 |      22 |       0 |   0.0
        D:9 |     295 |      64 |  17.8 |       5 |       2 |  28.6
            +---------+---------+-------+---------+---------+-------

Vault maps used:
D:1:      onia_arrival_pentagram
D:3:      grunt_temple_overflow_holy_war, lemuel_crystal_altar,
          gammafunk_temple_overflow_statue
D:4:      lemuel_crystal_altar, nicolae_overflow_crystal_walls, first_ration,
          ebering_ghost_reflecting_pool, grunt_ministairs_4
D:5:      overflow_temple_1_default, overflow_temple_1_default,
          nicolae_ossuary_entry_false_entrances
D:6:      led_sif_book, st_stairs_11, uniq_sigmund
D:7:      temple_doors_e, serial_shops, shop, serial_park_tiny_pond
D:8:      lemuel_round_altar
D:9:      grunt_temple_overflow_order_and_chaos_2, dpeg_lair_monsters

Table legend:
 A = Turns spent in this place as a percentage of turns spent in the entire game.
 B = Non-inter-level travel turns spent in this place as a percentage of non-inter-level travel turns spent in the entire game.
 C = Inter-level travel turns spent in this place as a percentage of turns spent in this place.
 D = Turns resting spent in this place as a percentage of non-inter-level travel turns spent in this place.
 E = Turns spent auto-exploring this place as a percentage of non-inter-level travel turns spent in this place.
 F = Non-inter-level travel turns spent in this place divided by the number of levels of this place that you've seen.
                   A       B       C       D       E      F
               +-------+-------+-------+-------+-------+----------------------
         Total | 100.0 | 100.0 |   7.6 |  22.7 |  50.8 | 842.9
       Dungeon | 100.0 | 100.0 |   7.6 |  22.7 |  50.8 | 842.9
               +-------+-------+-------+-------+-------+----------------------

Table legend:
 A = Kills in this place as a percentage of kills in entire the game.
 B = Kills by you in this place as a percentage of kills by you in the entire game.
 C = Kills by friends in this place as a percentage of kills by friends in the entire game.
 D = Other kills in this place as a percentage of other kills in the entire game.
 E = Experience gained in this place as a percentage of experience gained in the entire game.
 F = Experience gained in this place divided by the number of levels of this place that you have seen.
                   A       B       C       D       E      F
               +-------+-------+-------+-------+-------+----------------------
         Total | 100.0 | 100.0 |   N/A |   N/A | 100.0 | 752.9
       Dungeon | 100.0 | 100.0 |   N/A |   N/A | 100.0 | 752.9
               +-------+-------+-------+-------+-------+----------------------
